 Dungeon Sprint DCSS version 0.19.1-1-g22dce08 (webtiles) character file.

49450 Slime the Minotaur Blade (level 14, -35/162 HPs)
             Began as a Minotaur Berserker on Jan 1, 2017.
             Was the Champion of Trog.
             Annihilated by a spriggan berserker
             ... wielding a +0 broad axe
              (45 damage)
             ... in the Dungeon (Sprint IX: "|||||||||||||||||||||||||||||").
             The game lasted 00:15:31 (2915 turns).

Slime the Minotaur Blade (Minotaur Berserker)       Turns: 2915, Time: 00:15:32

Health: -35/162    AC: 19    Str: 33    XL:     14   Next: 16%
Magic:  4/4        EV: 22    Int:  7    God:    Trog [******]
Gold:   1277       SH:  0    Dex: 17    Spells: 0 memorised, 13 levels left

rFire  + . .     SeeInvis .     Y - +7 great sword of Egalitarianism {antimagic, rF+ Str+2 Dex+4 Stlth+}
rCold  . . .     Gourm    .     p - +5 ring mail
rNeg   . . .     Faith    .     (shield currently unavailable)
rPois  .         Spirit   .     O - +0 hat {Int+3}
rElec  .         Reflect  .     T - +1 cloak
rCorr  .         Harm     .     C - +0 pair of gloves
MR     +....     NoTele   +     B - +0 pair of boots
Stlth  ++........               (no amulet)
                                L - ring "Woduag" {Str+4 Stlth-}
                                q - +3 ring of dexterity

@: exhausted, afraid, starving, slowed, very slow
A: retaliatory headbutt, horns 2
a: Berserk, Trog's Hand, Brothers in Arms, Burn Spellbooks, Renounce Religion


You were in the Dungeon.
You worshipped Trog.
Trog was exalted by your worship.
You were starving.

You visited 1 branch You collected 1910 gold pieces.
You spent 633 gold pieces at shops.

Inventory:

Hand Weapons
 a - a +5 antimagic great sword
 j - a +5 great sword of holy wrath
 n - a +6 great sword of protection
 v - a +3 vampiric falchion
 y - a +7 antimagic great sword
 z - a +3 great sword of holy wrath
 D - the +6 great sword of Celyowuu {flame, +Inv rN+}
   (Trog gifted it to you in the Dungeon)

   It has been specially enchanted to burn those struck by it, causing extra
   injury to most foes and up to half again as much damage against particularly
   susceptible opponents.
   Big, fiery blades are also staple armaments of hydra-hunters.
   It protects you from negative energy.
   It lets you turn invisible.
 E - a +4 great sword of freezing
 H - a +4 triple sword of freezing
 M - a +9 antimagic triple sword
 Y - the +7 great sword of Egalitarianism (weapon) {antimagic, rF+ Str+2 Dex+4 Stlth+}
   (Trog gifted it to you in the Dungeon)

   It reduces the magical energy of the wielder, and disrupts the spells and
   magical abilities of those hit.
   Natural abilities and divine invocations are not affected.
   It affects your strength (+2).
   It affects your dexterity (+4).
   It protects you from fire.
   It makes you more stealthy.
 Z - a +5 antimagic scimitar
Armour
 b - a +0 animal skin
 o - a +1 cloak
 p - a +5 ring mail (worn)
 B - a +0 pair of boots (worn)
 C - a +0 pair of gloves (worn)
 G - a +0 troll leather armour
 I - a +3 chain mail
 O - a +0 hat of intelligence (worn)
 T - a +1 cloak (worn)
 U - +1 fire dragon scales
Jewellery
 q - a +3 ring of dexterity (left hand)
 r - a +2 ring of evasion
 K - an uncursed ring of protection from magic
 L - the ring "Woduag" (right hand) {Str+4 Stlth-}
   (You bought it in a shop in the Dungeon)

   [ring of loudness]

   It affects your strength (+4).
   It makes you less stealthy.
 P - an uncursed ring of see invisible
 Q - an uncursed ring of see invisible
 R - an uncursed ring of flight
 S - an uncursed ring of ice
Wands
 m - a wand of acid (7/15)
Scrolls
 i - 2 scrolls of blinking
 l - 5 scrolls of remove curse
 w - 2 scrolls of fear
 W - 2 scrolls of enchant weapon
 X - 2 scrolls of enchant armour
Potions
 c - a potion of agility
 d - 6 potions of curing
 f - 2 potions of haste
 g - 4 potions of magic
 h - 4 potions of berserk rage
 k - a potion of invisibility
 s - a potion of might
 t - a potion of brilliance
 V - a potion of resistance
Comestibles
 u - 39 fruits
 x - 12 bread rations
 A - 11 meat rations


   Skills:
 + Level 25.5 Fighting
 + Level 26.4 Long Blades
 + Level 15.8 Armour
 + Level 14.8 Dodging
 + Level 3.3 Stealth


You had 13 spell levels left.
You didn't know any spells.

Dungeon Overview and Level Annotations

Branches:
Dungeon (1/1)

Altars:
Cheibriados
Dithmenos
Elyvilon
Fedhas
Gozag
Hepliaklqana
Kikubaaqudgha
Makhleb
Nemelex Xobeh
Okawaru
Qazlal
Ru
Sif Muna
Trog
Uskayaw
Vehumet
Xom
Yredelemnul
Zin
The Shining One
Beogh
Jiyva
Lugonu

Shops:
D *==[


Innate Abilities, Weirdness & Mutations

You reflexively headbutt those who attack you in melee.
You have a pair of horns on your head.


Message History

* * * LOW HITPOINT WARNING * * *
You barely miss the spriggan berserker.
Your headbutt misses the spriggan berserker.
The spriggan berserker is moderately wounded.
The polar bear rages.
The spriggan berserker hits you with a broad axe!!
* * * LOW HITPOINT WARNING * * *
The spriggan berserker barely misses you.
You feel better.
Your skin stops crawling.
You feel less resistant to hostile enchantments.
The spriggan berserker hits you with a broad axe!
* * * LOW HITPOINT WARNING * * *
You feel better.
The spriggan berserker hits you but does no damage.
The polar bear rages.
The glowing orange brain pulsates.
You resist with some effort.
The spriggan berserker hits you with a broad axe!!!
You die...

▓▓▓▓▓▓▓▓▓▓▓▓▓▓▓▓▓▓▓▓▓▓▓▓▓▓▓▓
.....GgCThi@))()............
▓▓▓▓▓▓▓▓▓▓▓▓▓▓▓▓▓▓▓▓▓▓▓▓▓▓▓▓▓▓▓▓▓
.........................†)......
▓▓▓▓▓▓▓▓▓▓▓▓▓♣♣♣♣♣♣♣♣♣♣▓▓▓▓▓▓▓▓▓▓
)('........))(.......††.)........
▓▓▓▓▓▓▓▓▓▓▓▓▓♣♣♣♣♣♣♣♣♣♣▓▓▓▓▓▓▓▓▓▓
.................................
▓▓▓▓▓▓▓▓▓▓▓▓▓▓▓▓▓▓▓▓▓▓▓▓▓▓▓▓▓▓▓▓▓
......[[[[[[...)))))))).....'....


You could see a stone giant, a glowing orange brain, a spriggan berserker
(berserk), a deep troll earth mage, a polar bear (berserk) and a hobgoblin.

Vanquished Creatures
  Gastronok (D)
  A frost giant (D)
  Aizul (D)
  A ghost moth (D)
  2 stone giants (D)
  A very ugly thing (D)
  A dire elephant (D)
  Azrael (D)
  A merfolk javelineer (D)
  2 ettins (D)
  A yaktaur captain (D)
  A great orb of eyes (D)
  5 hydras (D)
  2 spriggan air magi (D)
  2 deep troll earth magi (D)
  An alligator (D)
  A deep troll shaman (D)
  Urug (D)
  A centaur warrior (D)
  2 ogre magi (D)
  A vampire mage (D)
  A tengu warrior (D)
  A naga sharpshooter (D)
  Sonja (D)
  An unseen horror (D)
  5 deep trolls (D)
  An orb spider (D)
  2 orc knights (D)
  3 hill giants (D)
  2 wolf spiders (D)
  A shining eye (shapeshifter) (D)
  An ugly thing (D)
  A salamander (D)
  A manticore (D)
  A moth of wrath (D)
  7 elephants (D)
  2 guardian serpents (D)
  8 black mambas (D)
  2 yaktaurs (D)
  4 spiny frogs (D)
  2 demonic crawlers (D)
  A tengu conjurer (D)
  3 komodo dragons (D)
  2 trolls (D)
  A jumping spider (D)
  4 merfolk (D)
  A wind drake (D)
  A hippogriff (D)
  A blink frog (D)
  A slime creature (D)
  A redback (D)
  A vampire (D)
  A water elemental (D)
  A wyvern (D)
  2 basilisks (D)
  A fire elemental (D)
  3 vampire mosquitoes (D)
  An insubstantial wisp (D)
  3 hell hounds (D)
  3 water moccasins (D)
  2 swamp drakes (D)
  An ice beast (D)
  10 orc warriors (D)
  A black bear (D)
  A phantom (D)
  3 ogres (D)
  A wolf (D)
  A crocodile (D)
  2 centaurs (D)
  A bullfrog (D)
  2 scorpions (D)
  A wight (D)
  A crimson imp (D)
  A hound (D)
  An orc priest (D)
  4 orc wizards (D)
  A worker ant (D)
  8 orcs (D)
  A hobgoblin (D)
  A bat (D)
  A bat simulacrum (D)
  2 frilled lizards (D)
  A jackal skeleton (D)
  A rat (D)
158 creatures vanquished.

Notes
Turn   | Place    | Note
-------+----------+-------------------------------------------
     0 | D        | Slime the Minotaur Berserker began the quest for the Orb.
     0 | D        | Reached XP level 1. HP: 19/19 MP: 0/0
     6 | D        | Reached skill level 4 in Long Blades
     7 | D        | Reached ** piety under Trog
   278 | D        | Noticed an ogre
   278 | D        | Noticed a crimson imp
   278 | D        | Noticed a phantom
   278 | D        | Noticed a worker ant
   282 | D        | Killed a worker ant
   282 | D        | Reached *** piety under Trog
   282 | D        | Reached skill level 5 in Fighting
   282 | D        | Reached skill level 5 in Long Blades
   282 | D        | Reached XP level 2. HP: 30/30 MP: 1/1
   285 | D        | Killed a crimson imp
   285 | D        | Reached skill level 6 in Long Blades
   285 | D        | Reached XP level 3. HP: 38/38 MP: 2/2
   286 | D        | Killed an ogre
   286 | D        | Received a gift from Trog
   286 | D        | Reached skill level 8 in Long Blades
   286 | D        | Reached XP level 4. HP: 48/48 MP: 3/3
   286 | D        | Reached XP level 5. HP: 53/53 MP: 4/4
   325 | D        | Killed a phantom
   325 | D        | Reached skill level 9 in Long Blades
   325 | D        | Reached skill level 5 in Armour
   325 | D        | Reached skill level 5 in Dodging
   337 | D        | Found a roughly hewn altar of Beogh.
   337 | D        | Found a snail-covered altar of Cheibriados.
   337 | D        | Found a shadowy altar of Dithmenos.
   337 | D        | Found a white marble altar of Elyvilon.
   337 | D        | Found a blossoming altar of Fedhas.
   337 | D        | Found an opulent altar of Gozag.
   338 | D        | Found a hazy altar of Hepliaklqana.
   339 | D        | Found a viscous altar of Jiyva.
   340 | D        | Found an ancient bone altar of Kikubaaqudgha.
   341 | D        | Found a corrupted altar of Lugonu.
   342 | D        | Found a burning altar of Makhleb.
   343 | D        | Found a sparkling altar of Nemelex Xobeh.
   344 | D        | Found an iron altar of Okawaru.
   345 | D        | Found a stormy altar of Qazlal.
   346 | D        | Found a sacrificial altar of Ru.
   347 | D        | Found a deep blue altar of Sif Muna.
   348 | D        | Found a bloodstained altar of Trog.
   349 | D        | Found a hide-covered altar of Uskayaw.
   350 | D        | Found a radiant altar of Vehumet.
   351 | D        | Found a shimmering altar of Xom.
   352 | D        | Found a basalt altar of Yredelemnul.
   353 | D        | Found a glowing silver altar of Zin.
   354 | D        | Found a glowing golden altar of the Shining One.
   406 | D        | Noticed a centaur
   406 | D        | Noticed a centaur
   406 | D        | Noticed an ice beast
   406 | D        | Noticed an ogre
   409 | D        | Killed an ogre
   409 | D        | Reached skill level 10 in Fighting
   409 | D        | Reached skill level 10 in Long Blades
   409 | D        | Reached XP level 6. HP: 66/66 MP: 5/5
   412 | D        | Killed an ice beast
   412 | D        | Reached **** piety under Trog
   412 | D        | Reached skill level 11 in Long Blades
   416 | D        | Reached skill level 12 in Long Blades
   416 | D        | Reached XP level 7. HP: 74/74 MP: 6/6
   493 | D        | Noticed a vampire mosquito
   493 | D        | Noticed a tengu warrior
   493 | D        | Noticed a five-headed hydra
   497 | D        | Killed a three-headed hydra
   497 | D        | Reached skill level 14 in Long Blades
   497 | D        | Reached XP level 8. HP: 59/86 MP: 7/7
   499 | D        | Reached ***** piety under Trog
   502 | D        | Killed a tengu warrior
   502 | D        | Reached skill level 15 in Long Blades
   502 | D        | Reached XP level 9. HP: 51/95 MP: 8/8
   762 | D        | Noticed a spiny frog
   762 | D        | Noticed a black mamba
   762 | D        | Noticed a black mamba
   767 | D        | Killed a black mamba
   767 | D        | Received a gift from Trog
   767 | D        | Reached skill level 16 in Long Blades
   771 | D        | Killed a black mamba
   771 | D        | Reached skill level 15 in Fighting
   774 | D        | Noticed a spiny frog
   778 | D        | Killed a spiny frog
   778 | D        | Reached skill level 17 in Long Blades
   783 | D        | Killed a spiny frog
   787 | D        | Reached ****** piety under Trog
   787 | D        | Received a gift from Trog
   787 | D        | Reached XP level 10. HP: 107/107 MP: 9/9
   831 | D        | Noticed a black mamba
   831 | D        | Noticed a six-headed hydra
   835 | D        | Killed an eight-headed hydra
   837 | D        | Reached skill level 18 in Long Blades
   840 | D        | Reached skill level 10 in Armour
   841 | D        | Reached skill level 10 in Dodging
   842 | D        | Killed a black mamba
   846 | D        | Received a gift from Trog
   877 | D        | Noticed an elephant
   877 | D        | Noticed an elephant
   877 | D        | Noticed an elephant
   877 | D        | Noticed an elephant
   877 | D        | Noticed an elephant
   877 | D        | Noticed an elephant
   881 | D        | Killed an elephant
   884 | D        | Killed an elephant
   884 | D        | Reached skill level 19 in Long Blades
   888 | D        | Killed an elephant
   894 | D        | Killed an elephant
   898 | D        | Killed an elephant
   898 | D        | Reached XP level 11. HP: 97/118 MP: 3/10
   911 | D        | Noticed a dire elephant
   927 | D        | Killed a dire elephant
   927 | D        | Reached skill level 20 in Long Blades
  1255 | D        | Noticed Urug
  1265 | D        | Killed Urug
  1310 | D        | Received a gift from Trog
  1328 | D        | Received a gift from Trog
  1373 | D        | Noticed an orc knight
  1373 | D        | Noticed an orc knight
  1378 | D        | Killed an orc knight
  1378 | D        | Received a gift from Trog
  1385 | D        | Killed an orc knight
  1391 | D        | Reached skill level 21 in Long Blades
  1396 | D        | Received a gift from Trog
  1415 | D        | Found Juwiwoal's Antique Armour Boutique.
  1415 | D        | Noticed a stone giant
  1415 | D        | Noticed a deep troll
  1415 | D        | Noticed a hill giant
  1415 | D        | Noticed a hill giant
  1415 | D        | Noticed a deep troll
  1416 | D        | Noticed a deep troll
  1417 | D        | Killed a deep troll
  1417 | D        | Received a gift from Trog
  1421 | D        | Killed a hill giant
  1428 | D        | Killed a stone giant
  1428 | D        | Reached skill level 1 in Stealth
  1429 | D        | Killed a hill giant
  1436 | D        | Killed a deep troll
  1439 | D        | Killed a deep troll
  1439 | D        | Reached skill level 22 in Long Blades
  1440 | D        | Reached XP level 12. HP: 20/133 MP: 3/11
  1506 | D        | Found Raubb's Jewellery Shop.
  1510 | D        | Found Weogocot's Jewellery Boutique.
  1512 | D        | Noticed an ogre mage
  1513 | D        | Found Hoimn's General Store.
  1518 | D        | Killed an ogre mage
  1518 | D        | Received a gift from Trog
  1519 | D        | Noticed an ogre mage
  1530 | D        | Killed an ogre mage
  1557 | D        | Bought an uncursed ring of protection from magic for 300 gold pieces
  1557 | D        | Bought a potion of curing for 36 gold pieces
  1564 | D        | Bought the ring "Woduag" {Str+4 Stlth-} for 297 gold pieces
  1622 | D        | Noticed Gastronok
  1635 | D        | Killed Gastronok
  1635 | D        | Received a gift from Trog
  1659 | D        | Noticed Sonja
  1664 | D        | Killed Sonja
  1814 | D        | Noticed a seven-headed hydra
  1819 | D        | Killed an 11-headed hydra
  1819 | D        | Reached skill level 23 in Long Blades
  1819 | D        | Received a gift from Trog
  1820 | D        | Got a crystal great sword {god gift}
  1821 | D        | Identified the +7 great sword of Egalitarianism {antimagic, rF+ Str+2 Dex+4 Stlth+} (Trog gifted it to you in the Dungeon)
  1830 | D        | Noticed a deep troll earth mage
  1832 | D        | Noticed a centaur warrior
  1845 | D        | Killed a deep troll earth mage
  1845 | D        | Received a gift from Trog
  1849 | D        | Killed a centaur warrior
  1862 | D        | Noticed a deep troll earth mage
  1863 | D        | Noticed an ettin
  1864 | D        | Noticed a stone giant
  1871 | D        | Killed a deep troll earth mage
  1873 | D        | Killed a stone giant
  1876 | D        | Killed an ettin
  1876 | D        | Received a gift from Trog
  1878 | D        | Reached XP level 13. HP: 22/146 MP: 4/12
  2140 | D        | Noticed Aizul
  2150 | D        | Killed Aizul
  2150 | D        | Reached skill level 24 in Long Blades
  2231 | D        | Received a gift from Trog
  2255 | D        | Received a gift from Trog
  2266 | D        | Received a gift from Trog
  2328 | D        | Noticed a merfolk javelineer
  2340 | D        | Reached skill level 25 in Long Blades
  2343 | D        | Killed a merfolk javelineer
  2347 | D        | Received a gift from Trog
  2557 | D        | Killed a ghost moth
  2560 | D        | Reached skill level 15 in Armour
  2564 | D        | Received a gift from Trog
  2579 | D        | Received a gift from Trog
  2588 | D        | Got a crystal great sword {god gift}
  2589 | D        | Identified the +6 great sword of Celyowuu {flame, +Inv rN+} (Trog gifted it to you in the Dungeon)
  2812 | D        | Noticed Azrael
  2821 | D        | Killed Azrael
  2861 | D        | Noticed a purple very ugly thing
  2864 | D        | Received a gift from Trog
  2869 | D        | Noticed a jiangshi
  2873 | D        | Killed a purple very ugly thing
  2880 | D        | Noticed a frost giant
  2881 | D        | Noticed an ettin
  2882 | D        | Received a gift from Trog
  2882 | D        | Reached skill level 26 in Long Blades
  2887 | D        | Reached XP level 14. HP: 29/162 MP: 4/13
  2895 | D        | Killed a frost giant
  2895 | D        | Received a gift from Trog
  2903 | D        | Noticed a stone giant
  2913 | D        | HP: 6/162 [spriggan berserker/broad axe (23)]
  2914 | D        | HP: 2/162 [spriggan berserker/broad axe (14)]
  2915 | D        | Annihilated by a spriggan berserker

Skill      XL: |  1  2  3  4  5  6  7  8  9 10 11 12 13 |
---------------+----------------------------------------+-----
Long Blades    | 5 6 8 10 12 14 15 17 19 22 23 26 | 26.4
Fighting       | 5 6 8 10 11 13 14 15 17 20 22 25 | 25.5
Armour         | 3 4 5 7 8 9 10 12 13 15 | 15.8
Dodging        | 3 4 5 6 7 8 9 10 11 12 14 | 14.8
Stealth        | 1 2 3 |  3.3

Action                   |  1- 3 |  4- 6 |  7- 9 | 10-12 | 13-15 || total
-------------------------+-------+-------+-------+-------+-------++-------
Melee: Falchion          |    18 |    11 |       |       |       ||    29
       Headbutt          |     4 |     3 |    15 |    67 |    45 ||   134
       Scimitar          |       |     6 |    37 |     1 |       ||    44
       Great sword       |       |       |       |   179 |   139 ||   318
       Triple sword      |       |       |       |    13 |       ||    13
Invok: Berserk           |     1 |     1 |     2 |     4 |     3 ||    11
       Trog's Hand       |       |       |     1 |     3 |     2 ||     6
  Use: Scroll            |       |       |       |     6 |       ||     6
       Potion            |       |       |       |     4 |     3 ||     7
  Eat: Bread ration      |       |       |     1 |     1 |       ||     2
       Meat ration       |       |       |       |     1 |       ||     1
       Fruit             |       |       |       |     1 |       ||     1
       Chunk             |       |       |       |       |     3 ||     3
Armor: Animal skin       |     3 |     1 |       |       |       ||     4
       Ring mail         |       |     2 |     2 |    32 |    11 ||    47
       Fire dragon scale |       |       |       |    22 |    39 ||    61
       Troll leather arm |       |       |       |     3 |       ||     3
Dodge: Dodged            |     2 |    11 |    24 |   120 |    99 ||   256
       Rpst.: Falchion   |     1 |       |       |       |       ||     1
       Scimitar          |       |       |     6 |       |       ||     6
       Great sword       |       |       |       |    18 |    21 ||    39
       Triple sword      |       |       |       |     2 |       ||     2
